Maple Leafs vs Red Wings (R2)

Created - 10 avril 2016 at 19:09

Goals
1 2 3 T
Maple Leafs 1 1 0 2
Red Wings 3 2 2 7
Shots
1 2 3 T
Maple Leafs 16 10 12 38
Red Wings 13 13 9 35

1st period

1. Maple Leafs , Brendan Morrison 23 (Claude Giroux) at 2:37 (PP)
2. Red Wings , Shawn Horcoff 17 (Alex Picard, Christian Backman) at 7:04
3. Red Wings , Mike Richards 23 (Ales Hemsky, Sean Bergenheim) at 8:21
4. Red Wings , Maxim Kondratiev 2 (Jason Spezza, Rick Nash) at 18:30 (PP)

Penalties :
Ales Hemsky (Det) for Hooking (Minor) at 2:20, Shawn Horcoff (Det) for Hooking (Minor) at 10:35, Jason Spezza (Det) for Tripping (Minor) at 15:38, Maxim Kondratiev (Det) for Delaying the game (Minor) at 16:02, Matt Pettinger (Tor) for Holding (Minor) at 18:16

2nd period

5. Red Wings , Mike Richards 24 (Sean Bergenheim) at 4:13
6. Maple Leafs , Blake Comeau 8 (Claude Giroux, Brendan Morrison) at 18:08
7. Red Wings , Ales Hemsky 21 (Mike Richards) at 19:37

Penalties :
Brendan Morrison (Tor) for Tripping (Minor) at 14:06

3rd period

8. Red Wings , Ales Hemsky 22 (Richard Jackman, Jason Spezza) at 1:42 (PP)
9. Red Wings , Martin Havlat 31 (Jason Spezza, Rick Nash) at 3:57

Penalties :
Matt Pettinger (Tor) for Cross-checking (Minor) at 1:06, Tobias Enstrom (Tor) for Cross-checking (Minor) at 6:47, Tobias Enstrom (Tor) for Roughing (Minor) at 11:09, Fabian Brunnstrom (Tor) for Holding (Minor) at 19:09

Goalie Stats

Marc-André Fleury (Tor), 21 saves from 27 shots - (0,778), L, 36-27-2, 41:42 minutes
Mike Smith (Tor), 7 saves from 8 shots - (0,875), 18:18 minutes
Jonathan Quick (Det), 36 saves from 38 shots - (0,947), W, 35-19-7, 60:00 minutes

Players Stats for Maple Leafs

Player Name              G  A  P  +/- PIM S  H  SB GA TA FO     MP     PP MP  PK MP  
------------------------------------------------------------------------------------
Alexander Frolov         0  0  0  -1  0   2  1  0  1  0  2/2    19:57   2:43   2:40 
Blake Comeau             1  0  1   0  0   1  2  0  0  0  0/0    11:11   0:00   0:53 
Braydon Coburn           0  0  0  -1  0   3  2  0  1  0  0/0    27:32   3:01   4:56 
Brendan Morrison         1  1  2   0  2   5  2  0  0  0  20/28  22:45   2:43   3:50 
Claude Giroux            0  2  2   0  0   4  3  1  0  2  7/13   23:26   2:48   4:58 
Colby Armstrong          0  0  0  -1  0   5  1  1  0  0  0/0    14:55   1:51   0:00 
Fabian Brunnstrom        0  0  0  -1  2   2  2  0  1  0  0/3    15:22   1:51   0:28 
Jamie McBain             0  0  0   0  0   1  1  2  1  0  0/0    12:52   0:00   0:00 
Jordan Staal             0  0  0  -1  0   0  0  0  0  0  5/9    17:46   1:51   2:25 
Justin Abdelkader        0  0  0  -2  0   4  1  0  0  0  0/0     8:21   0:05   0:00 
Justin Schultz           0  0  0   0  0   1  0  0  1  1  0/0    15:07   0:00   2:15 
Marc-Édouard Vlasic      0  0  0  -3  0   4  2  1  1  1  0/0    19:36   1:38   2:41 
Martins Karsums          0  0  0  -2  0   0  0  0  0  0  0/0     8:10   0:00   0:00 
Matt Pettinger           0  0  0  -1  4   1  1  0  1  0  2/2    10:33   0:05   0:00 
Rob Schremp              0  0  0  -1  0   1  0  0  0  1  1/2    10:09   0:00   0:00 
Ryan Carter              0  0  0  -2  0   0  0  0  0  0  1/3     8:10   0:00   0:00 
Taylor Chorney           0  0  0  -3  0   1  1  3  0  0  0/0    19:36   1:38   2:41 
Tobias Enstrom           0  0  0  -1  4   3  2  1  3  0  0/0    26:49   3:01   2:41 

Players Stats for Red Wings

Player Name              G  A  P  +/- PIM S  H  SB GA TA FO     MP     PP MP  PK MP  
------------------------------------------------------------------------------------
Ales Hemsky              2  1  3   3  2   6  1  0  0  0  0/0    15:22   2:55   0:00 
Alex Picard              0  1  1   1  0   0  1  0  1  0  1/6    12:23   0:00   1:47 
Carson Mcmillan          0  0  0   0  0   0  0  0  0  0  0/1     7:43   0:00   0:00 
Christian Backman        0  1  1   2  0   0  0  2  0  2  0/0    15:23   0:36   1:18 
Jason Spezza             0  3  3   0  2   4  3  0  0  1  15/34  22:48   4:39   1:43 
Martin Havlat            1  0  1   0  0   4  2  1  0  1  3/3    20:59   4:32   0:00 
Maxim Kondratiev         1  0  1   2  2   1  3  2  1  1  0/0    24:21   4:17   1:40 
Mike Brown               0  0  0   1  0   0  1  0  0  0  0/1    10:50   0:03   0:00 
Mike Richards            2  1  3   3  0   4  1  0  0  0  2/9    16:48   2:55   1:13 
Nate Thompson            0  0  0   0  0   0  2  0  0  0  1/1     8:04   0:03   0:00 
Nathan Oystrick          0  0  0   2  0   2  1  3  0  0  0/0    14:05   0:36   0:00 
Ossi Vaananen            0  0  0   0  0   3  2  1  0  2  0/0    20:27   2:44   1:40 
Richard Jackman          0  1  1   0  0   1  2  0  1  1  0/0    20:27   2:44   1:40 
Rick Nash                0  2  2   0  0   1  3  0  0  0  1/1    23:09   4:39   2:03 
Robert Dome              0  0  0   0  0   1  2  0  0  0  0/0     8:06   0:00   0:16 
Sean Bergenheim          0  2  2   3  0   5  2  1  0  0  0/0    16:16   2:55   0:41 
Shawn Horcoff            1  0  1   1  2   2  2  0  2  0  1/6    11:03   0:10   0:00 
Shea Weber               0  0  0   2  0   1  0  3  0  2  0/0    25:28   4:17   2:59 

3 Stars

1 - Mike Richards (Det)
2 - Ales Hemsky (Det)
3 - Sean Bergenheim (Det)

Power Play

Maple Leafs - 1 on 4 Attempt(s) - 25,00%
Red Wings - 2 on 6 Attempt(s) - 33,33%

Penalty Kill

Maple Leafs - 4 on 6 Attempt(s) - 66,67% - Score 0 goal in Penalty Kill
Red Wings - 3 on 4 Attempt(s) - 75,00% - Score 0 goal in Penalty Kill

Team Stat

Maple Leafs - Hits : 21 - Faceoff Wins : 38 - Blocked Shots : 9 - Penalty Minutes : 12
Red Wings - Hits : 28 - Faceoff Wins : 24 - Blocked Shots : 13 - Penalty Minutes : 8

Official

Referees : O'Halloran Dan and Kimmerly Greg
Linesman : Thor Nelson and Brian Murphy

Game Notes

Mike Smith enters game at 1:42 of 3rd period

Finance

Level 1 -- Attendance: 6000 (100,00%) -- Ticket Income 450 000 $
Level 2 -- Attendance: 4752 (95,04%) -- Ticket Income 213 840 $
Level 3 -- Attendance: 2000 (100,00%) -- Ticket Income 50 000 $
Level 4 -- Attendance: 4000 (100,00%) -- Ticket Income 72 000 $
Luxury Box -- Attendance: 1000 (100,00%) -- Ticket Income 150 000 $
Game was played at the Joe Louis Arena.
Total Attendance: 17752 (98,62%)
Total Ticket Income: 935 840 $
Other Income: 140 376 $
Total Income: 1 076 216 $

Maple Leafs

5 vs 5 Forward 
   Center                   Left Wing                Right Wing               Time % Phy DF OF 
 1 Brendan Morrison         Alexander Frolov         Claude Giroux            40     1   2  2  
 2 Jordan Staal             Fabian Brunnstrom        Colby Armstrong          30     1   2  2  
 3 Rob Schremp              Matt Pettinger           Blake Comeau             20     1   2  2  
 4 Ryan Carter              Justin Abdelkader        Martins Karsums          10     1   2  2  

5 vs 5 Defense 
   Defense                  Defense                                           Time % Phy DF OF 
 1 Tobias Enstrom           Braydon Coburn                                    40     1   2  2  
 2 Marc-Édouard Vlasic      Taylor Chorney                                    30     1   2  2  
 3 Jamie McBain             Justin Schultz                                    20     1   2  2  
 4 Tobias Enstrom           Braydon Coburn                                    10     1   2  2  

PowerPlay Forward 
   Center                   Left Wing                Right Wing               Time % Phy DF OF 
 1 Brendan Morrison         Alexander Frolov         Claude Giroux            60     1   2  2  
 2 Jordan Staal             Fabian Brunnstrom        Colby Armstrong          40     1   2  2  

PowerPlay Defense
   Defense                  Defense                                           Time % Phy DF OF 
 1 Tobias Enstrom           Braydon Coburn                                    60     1   2  2  
 2 Marc-Édouard Vlasic      Taylor Chorney                                    40     1   2  2  

Penalty Kill 4 Players Forward 
   Center                   Wing                     Time % Phy DF OF 
 1 Claude Giroux            Brendan Morrison         60     1   2  2  
 2 Alexander Frolov         Jordan Staal             40     1   2  2  

Penalty Kill 4 Players Defense
   Defense                  Defense                  Time % Phy DF OF 
 1 Tobias Enstrom           Braydon Coburn           60     1   2  2  
 2 Marc-Édouard Vlasic      Taylor Chorney           40     1   2  2  

Penalty Kill - 3 Players Forward 
   Forward                                           Time % Phy DF OF 
 1 Claude Giroux                                     60     1   2  2  
 2 Brendan Morrison                                  40     1   2  2  

Penalty Kill - 3 Players Defense
   Defense                  Defense                  Time % Phy DF OF 
 1 Tobias Enstrom           Braydon Coburn           60     1   2  2  
 2 Marc-Édouard Vlasic      Taylor Chorney           40     1   2  2  

4 vs 4 Forward 
   Center                   Wing                     Time % Phy DF OF 
 1 Claude Giroux            Brendan Morrison         60     1   2  2  
 2 Alexander Frolov         Jordan Staal             40     1   2  2  

4 vs 4 Defense
   Defense                  Defense                  Time % Phy DF OF 
 1 Tobias Enstrom           Braydon Coburn           60     1   2  2  
 2 Marc-Édouard Vlasic      Taylor Chorney           40     1   2  2  

Last Minutes Offensive
   Center                   Left Wing                Right Wing               Defense                  Defense                  
   Brendan Morrison         Alexander Frolov         Claude Giroux            Tobias Enstrom           Braydon Coburn           

Last Minutes Defensive
   Center                   Left Wing                Right Wing               Defense                  Defense                  
   Brendan Morrison         Alexander Frolov         Claude Giroux            Tobias Enstrom           Braydon Coburn           

Goaltenders
Starting : Marc-André Fleury        
Backup : Mike Smith               

Extra Forwards
Normal : Matt Pettinger, Justin Abdelkader, Blake Comeau - PP : Matt Pettinger, Justin Abdelkader - PK : Blake Comeau
Extra Defensemen
Normal : Jamie McBain, Justin Schultz, Marc-Édouard Vlasic - PP : Jamie McBain - PK : Justin Schultz, Marc-Édouard Vlasic
Penalty Shots
Claude Giroux, Brendan Morrison, Alexander Frolov, Jordan Staal, Fabian Brunnstrom

Red Wings

5 vs 5 Forward 
   Center                   Left Wing                Right Wing               Time % Phy DF OF 
 1 Jason Spezza             Rick Nash                Martin Havlat            40     1   2  2  
 2 Mike Richards            Sean Bergenheim          Ales Hemsky              30     1   2  2  
 3 Shawn Horcoff            Alex Picard              Mike Brown               20     1   2  2  
 4 Nate Thompson            Robert Dome              Carson Mcmillan          10     1   2  2  

5 vs 5 Defense 
   Defense                  Defense                                           Time % Phy DF OF 
 1 Shea Weber               Maxim Kondratiev                                  40     1   2  2  
 2 Richard Jackman          Ossi Vaananen                                     30     1   2  2  
 3 Nathan Oystrick          Christian Backman                                 20     1   2  2  
 4 Shea Weber               Maxim Kondratiev                                  10     1   2  2  

PowerPlay Forward 
   Center                   Left Wing                Right Wing               Time % Phy DF OF 
 1 Jason Spezza             Rick Nash                Martin Havlat            60     1   2  2  
 2 Mike Richards            Sean Bergenheim          Ales Hemsky              40     1   2  2  

PowerPlay Defense
   Defense                  Defense                                           Time % Phy DF OF 
 1 Shea Weber               Maxim Kondratiev                                  60     1   2  2  
 2 Richard Jackman          Ossi Vaananen                                     40     1   2  2  

Penalty Kill 4 Players Forward 
   Center                   Wing                     Time % Phy DF OF 
 1 Jason Spezza             Rick Nash                60     1   2  2  
 2 Mike Richards            Sean Bergenheim          40     1   2  2  

Penalty Kill 4 Players Defense
   Defense                  Defense                  Time % Phy DF OF 
 1 Shea Weber               Maxim Kondratiev         60     1   2  2  
 2 Richard Jackman          Ossi Vaananen            40     1   2  2  

Penalty Kill - 3 Players Forward 
   Forward                                           Time % Phy DF OF 
 1 Jason Spezza                                      60     1   2  2  
 2 Rick Nash                                         40     1   2  2  

Penalty Kill - 3 Players Defense
   Defense                  Defense                  Time % Phy DF OF 
 1 Shea Weber               Maxim Kondratiev         60     1   2  2  
 2 Richard Jackman          Ossi Vaananen            40     1   2  2  

4 vs 4 Forward 
   Center                   Wing                     Time % Phy DF OF 
 1 Jason Spezza             Rick Nash                60     1   2  2  
 2 Mike Richards            Sean Bergenheim          40     1   2  2  

4 vs 4 Defense
   Defense                  Defense                  Time % Phy DF OF 
 1 Shea Weber               Maxim Kondratiev         60     1   2  2  
 2 Richard Jackman          Ossi Vaananen            40     1   2  2  

Last Minutes Offensive
   Center                   Left Wing                Right Wing               Defense                  Defense                  
   Jason Spezza             Rick Nash                Martin Havlat            Shea Weber               Maxim Kondratiev         

Last Minutes Defensive
   Center                   Left Wing                Right Wing               Defense                  Defense                  
   Jason Spezza             Rick Nash                Martin Havlat            Shea Weber               Maxim Kondratiev         

Goaltenders
Starting : Jonathan Quick           
Backup : Scott Clemmensen         

Extra Forwards
Normal : Shawn Horcoff, Nate Thompson, Alex Picard - PP : Shawn Horcoff, Nate Thompson - PK : Alex Picard
Extra Defensemen
Normal : Nathan Oystrick, Christian Backman, Richard Jackman - PP : Nathan Oystrick - PK : Christian Backman, Richard Jackman
Penalty Shots
Jason Spezza, Rick Nash, Mike Richards, Sean Bergenheim, Martin Havlat

% Time on Ice - Maple Leafs

Lines # - Real PCT - Wanted PCT - Time Play
Normal Forward
1 - 34% - 40% - 16:19
2 - 27% - 30% - 13:06
3 - 21% - 20% - 10:09
4 - 17% - 10% - 8:10
Normal Defense
1 - 39% - 40% - 18:40
2 - 31% - 30% - 14:40
3 - 27% - 20% - 12:52
4 - 3% - 10% - 1:32
PP Forward
1 - 60% - 60% - 2:48
2 - 40% - 40% - 1:51
PP Defense
1 - 65% - 60% - 3:01
2 - 35% - 40% - 1:38
PK Forward
1 - 76% - 60% - 5:49
2 - 24% - 40% - 1:48
PK Defense
1 - 70% - 60% - 5:19
2 - 30% - 40% - 2:18
PK3 Forward
1 - 0% - 60%
2 - 0% - 40%
PK3 Defense
1 - 0% - 60%
2 - 0% - 40%
44 Forward
1 - 0% - 60%
2 - 0% - 40%
44 Defense
1 - 0% - 60%
2 - 0% - 40%
Last Minute Offensive  - 0:00
Last Minute Defensive  - 0:00
Total
Forward - 60:00
Defense - 60:00

% Time on Ice - Red Wings

Lines # - Real PCT - Wanted PCT - Time Play
Normal Forward
1 - 35% - 40% - 16:52
2 - 27% - 30% - 12:40
3 - 22% - 20% - 10:29
4 - 16% - 10% - 7:43
Normal Defense
1 - 36% - 40% - 17:25
2 - 34% - 30% - 16:03
3 - 28% - 20% - 13:29
4 - 2% - 10% - 0:47
PP Forward
1 - 62% - 60% - 4:42
2 - 38% - 40% - 2:55
PP Defense
1 - 64% - 60% - 4:53
2 - 36% - 40% - 2:44
PK Forward
1 - 78% - 60% - 2:23
2 - 22% - 40% - 0:41
PK Defense
1 - 59% - 60% - 1:48
2 - 41% - 40% - 1:16
PK3 Forward
1 - 100% - 60% - 1:35
2 - 0% - 40% - 0:00
PK3 Defense
1 - 75% - 60% - 1:11
2 - 25% - 40% - 0:24
44 Forward
1 - 0% - 60%
2 - 0% - 40%
44 Defense
1 - 0% - 60%
2 - 0% - 40%
Last Minute Offensive  - 0:00
Last Minute Defensive  - 0:00
Total
Forward - 60:00
Defense - 60:00

Play by Play

1st period


0:01 of 1st period - Brendan Morrison wins face-off versus Jason Spezza in neutral zone.
0:27 of 1st period - Off-side.
0:28 of 1st period - Jordan Staal wins face-off versus Mike Richards in neutral zone.
1:07 of 1st period - Slapshot by Jordan Staal.
1:07 of 1st period - Shot Misses the Net.
1:09 of 1st period - Slapshot by Jamie McBain.
1:09 of 1st period - Stopped by Jonathan Quick without a rebound.
1:10 of 1st period - Matt Pettinger wins face-off versus Shawn Horcoff in Red Wings zone.
1:11 of 1st period - Snap shot by Blake Comeau.
1:11 of 1st period - Deflect By Matt Pettinger.
1:11 of 1st period - Shot Blocked by Nathan Oystrick.
1:11 of 1st period - Puck is out of play.
1:12 of 1st period - Shawn Horcoff wins face-off versus Rob Schremp in Red Wings zone.
1:12 of 1st period - Shawn Horcoff is hit by Matt Pettinger.
1:20 of 1st period - Wrist shot by Alex Picard.
1:20 of 1st period - Shot Misses the Net.
1:39 of 1st period - Claude Giroux is hit by Jason Spezza and loses puck.
2:04 of 1st period - Snap shot by Mike Richards.
2:04 of 1st period - Shot Misses the Net.
2:06 of 1st period - Snap shot by Sean Bergenheim.
2:06 of 1st period - Stopped by Marc-André Fleury without a rebound.
2:07 of 1st period - Ryan Carter wins face-off versus Mike Richards in Maple Leafs zone.
2:07 of 1st period - Ryan Carter is hit by Sean Bergenheim.
2:20 of 1st period - Minor Penalty to Ales Hemsky for Hooking.
2:21 of 1st period - Jason Spezza wins face-off versus Brendan Morrison in Red Wings zone.
2:21 of 1st period - Jason Spezza is hit by Claude Giroux.
2:37 of 1st period - Wrist shot by Brendan Morrison.
2:37 of 1st period - Goal by Brendan Morrison - Maple Leafs : 1 - Red Wings : 0.
2:38 of 1st period - Brendan Morrison wins face-off versus Jason Spezza in neutral zone.
2:41 of 1st period - Jason Spezza is hit by Claude Giroux.
3:10 of 1st period - Braydon Coburn is hit by Nate Thompson and loses puck.
4:15 of 1st period - Wrist shot by Mike Richards.
4:15 of 1st period - Stopped by Marc-André Fleury with a rebound.
4:23 of 1st period - Snap shot by Ales Hemsky.
4:23 of 1st period - Shot Misses the Net.
4:35 of 1st period - Snap shot by Claude Giroux.
4:35 of 1st period - Shot Misses the Net.
4:55 of 1st period - Slapshot by Fabian Brunnstrom.
4:55 of 1st period - Deflect By Shea Weber.
4:55 of 1st period - Shot Blocked by Martin Havlat.
4:55 of 1st period - Puck is out of play.
4:56 of 1st period - Jason Spezza wins face-off versus Jordan Staal in Red Wings zone.
5:19 of 1st period - Snap shot by Fabian Brunnstrom.
5:19 of 1st period - Shot Misses the Net.
5:31 of 1st period - Snap shot by Colby Armstrong.
5:31 of 1st period - Stopped by Jonathan Quick with a rebound.
5:33 of 1st period - Wrist shot by Fabian Brunnstrom.
5:33 of 1st period - Shot Misses the Net.
5:35 of 1st period - Wrist shot by Fabian Brunnstrom.
5:35 of 1st period - Shot Misses the Net.
5:39 of 1st period - Snap shot by Jordan Staal.
5:39 of 1st period - Shot Misses the Net.
5:41 of 1st period - Slapshot by Colby Armstrong.
5:41 of 1st period - Stopped by Jonathan Quick with a rebound.
5:43 of 1st period - Slapshot by Justin Schultz.
5:43 of 1st period - Stopped by Jonathan Quick without a rebound.
5:44 of 1st period - Brendan Morrison wins face-off versus Mike Richards in Red Wings zone.
6:11 of 1st period - Icing by Tobias Enstrom.
6:12 of 1st period - Rob Schremp wins face-off versus Shawn Horcoff in Maple Leafs zone.
6:58 of 1st period - Wrist shot by Alex Picard.
6:58 of 1st period - Shot Blocked by Taylor Chorney.
7:04 of 1st period - Snap shot by Shawn Horcoff.
7:04 of 1st period - Goal by Shawn Horcoff - Maple Leafs : 1 - Red Wings : 1.
7:05 of 1st period - Brendan Morrison wins face-off versus Jason Spezza in neutral zone.
7:37 of 1st period - Snap shot by Sean Bergenheim.
7:37 of 1st period - Stopped by Marc-André Fleury without a rebound.
7:38 of 1st period - Brendan Morrison wins face-off versus Mike Richards in Maple Leafs zone.
7:43 of 1st period - Snap shot by Brendan Morrison.
7:43 of 1st period - Shot Blocked by Christian Backman.
8:02 of 1st period - Martins Karsums is hit by Ales Hemsky and loses puck.
8:17 of 1st period - Slapshot by Sean Bergenheim.
8:17 of 1st period - Stopped by Marc-André Fleury with a rebound.
8:19 of 1st period - Wrist shot by Ales Hemsky.
8:19 of 1st period - Deflect By Justin Schultz.
8:19 of 1st period - Stopped by Marc-André Fleury with a rebound.
8:21 of 1st period - Wrist shot by Mike Richards.
8:21 of 1st period - Goal by Mike Richards - Maple Leafs : 1 - Red Wings : 2.
8:22 of 1st period - Brendan Morrison wins face-off versus Jason Spezza in neutral zone.
8:25 of 1st period - Shea Weber is hit by Brendan Morrison and loses puck.
8:34 of 1st period - Wrist shot by Brendan Morrison.
8:34 of 1st period - Stopped by Jonathan Quick with a rebound.
9:17 of 1st period - Snap shot by Tobias Enstrom.
9:17 of 1st period - Shot Blocked by Ossi Vaananen.
9:32 of 1st period - Snap shot by Justin Abdelkader.
9:32 of 1st period - Stopped by Jonathan Quick with a rebound.
10:35 of 1st period - Minor Penalty to Shawn Horcoff for Hooking.
10:36 of 1st period - Brendan Morrison wins face-off versus Jason Spezza in Red Wings zone.
11:06 of 1st period - Snap shot by Mike Richards.
11:06 of 1st period - Shot Blocked by Tobias Enstrom.
11:08 of 1st period - Slapshot by Ossi Vaananen.
11:08 of 1st period - Stopped by Marc-André Fleury with a rebound.
11:18 of 1st period - Richard Jackman is hit by Tobias Enstrom and loses puck.
12:35 of 1st period - Penalty to Shawn Horcoff is over, Shawn Horcoff is back on ice.
13:33 of 1st period - Slapshot by Sean Bergenheim.
13:33 of 1st period - Stopped by Marc-André Fleury with a rebound.
13:53 of 1st period - Wrist shot by Robert Dome.
13:53 of 1st period - Stopped by Marc-André Fleury without a rebound.
13:54 of 1st period - Nate Thompson wins face-off versus Jordan Staal in Maple Leafs zone.
14:16 of 1st period - Ossi Vaananen is hit by Justin Abdelkader and loses puck.
14:50 of 1st period - Snap shot by Jason Spezza.
14:50 of 1st period - Shot Misses the Net.
14:52 of 1st period - Wrist shot by Rick Nash.
14:52 of 1st period - Shot Blocked by Claude Giroux.
15:27 of 1st period - Wrist shot by Matt Pettinger.
15:27 of 1st period - Stopped by Jonathan Quick without a rebound.
15:28 of 1st period - Brendan Morrison wins face-off versus Jason Spezza in Red Wings zone.
15:38 of 1st period - Minor Penalty to Jason Spezza for Tripping.
15:39 of 1st period - Brendan Morrison wins face-off versus Alex Picard in Red Wings zone.
15:51 of 1st period - Snap shot by Brendan Morrison.
15:51 of 1st period - Stopped by Jonathan Quick with a rebound.
15:53 of 1st period - Slapshot by Marc-Édouard Vlasic.
15:53 of 1st period - Stopped by Jonathan Quick without a rebound.
15:54 of 1st period - Brendan Morrison wins face-off versus Alex Picard in Red Wings zone.
15:57 of 1st period - Snap shot by Claude Giroux.
15:57 of 1st period - Stopped by Jonathan Quick without a rebound.
15:58 of 1st period - Claude Giroux wins face-off versus Alex Picard in Red Wings zone.
16:02 of 1st period - Minor Penalty to Maxim Kondratiev for Delaying the game.
16:03 of 1st period - Brendan Morrison wins face-off versus Alex Picard in Red Wings zone.
16:13 of 1st period - Slapshot by Alexander Frolov.
16:13 of 1st period - Stopped by Jonathan Quick with a rebound.
16:15 of 1st period - Slapshot by Braydon Coburn.
16:15 of 1st period - Deflect By Shea Weber.
16:15 of 1st period - Stopped by Jonathan Quick without a rebound.
16:16 of 1st period - Alex Picard wins face-off versus Brendan Morrison in Red Wings zone.
17:08 of 1st period - Richard Jackman is hit by Colby Armstrong and loses puck.
17:13 of 1st period - Backhand shot by Fabian Brunnstrom.
17:13 of 1st period - Shot Misses the Net.
17:15 of 1st period - Slapshot by Braydon Coburn.
17:15 of 1st period - Deflect By Ossi Vaananen.
17:15 of 1st period - Stopped by Jonathan Quick without a rebound.
17:16 of 1st period - Brendan Morrison wins face-off versus Alex Picard in Red Wings zone.
17:27 of 1st period - Slapshot by Braydon Coburn.
17:27 of 1st period - Shot Blocked by Shea Weber.
17:29 of 1st period - Snap shot by Alexander Frolov.
17:29 of 1st period - Shot Misses the Net.
17:31 of 1st period - Wrist shot by Alexander Frolov.
17:31 of 1st period - Stopped by Jonathan Quick with a rebound.
17:38 of 1st period - Penalty to Jason Spezza is over, Jason Spezza is back on ice.
18:02 of 1st period - Penalty to Maxim Kondratiev is over, Maxim Kondratiev is back on ice.
18:13 of 1st period - Snap shot by Sean Bergenheim.
18:13 of 1st period - Stopped by Marc-André Fleury without a rebound.
18:14 of 1st period - Matt Pettinger wins face-off versus Jason Spezza in Maple Leafs zone.
18:16 of 1st period - Minor Penalty to Matt Pettinger for Holding.
18:17 of 1st period - Martin Havlat wins face-off versus Claude Giroux in Maple Leafs zone.
18:23 of 1st period - Braydon Coburn is hit by Maxim Kondratiev and loses puck.
18:28 of 1st period - Snap shot by Jason Spezza.
18:28 of 1st period - Stopped by Marc-André Fleury with a rebound.
18:30 of 1st period - Slapshot by Maxim Kondratiev.
18:30 of 1st period - Goal by Maxim Kondratiev - Maple Leafs : 1 - Red Wings : 3.
18:31 of 1st period - Alexander Frolov wins face-off versus Jason Spezza in neutral zone.
18:33 of 1st period - Tobias Enstrom is hit by Rick Nash and loses puck.
18:56 of 1st period - Fabian Brunnstrom is hit by Mike Richards and loses puck.
19:47 of 1st period - Wrist shot by Brendan Morrison.
19:47 of 1st period - Stopped by Jonathan Quick with a rebound.
19:49 of 1st period - Snap shot by Brendan Morrison.
19:49 of 1st period - Shot Misses the Net.
Goals for this period are 1 for Maple Leafs vs 3 for Red Wings.
Shots for this period are 16 for Maple Leafs vs 13 for Red Wings.

2nd period


0:01 of 2nd period - Brendan Morrison wins face-off versus Jason Spezza in neutral zone.
0:06 of 2nd period - Shea Weber is hit by Taylor Chorney and loses puck.
0:27 of 2nd period - Taylor Chorney is hit by Maxim Kondratiev and loses puck.
0:36 of 2nd period - Snap shot by Shawn Horcoff.
0:36 of 2nd period - Deflect By Marc-Édouard Vlasic.
0:36 of 2nd period - Shot Blocked by Colby Armstrong.
0:36 of 2nd period - Puck is out of play.
0:37 of 2nd period - Brendan Morrison wins face-off versus Jason Spezza in Maple Leafs zone.
1:30 of 2nd period - Snap shot by Alex Picard.
1:30 of 2nd period - Shot Blocked by Taylor Chorney.
1:32 of 2nd period - Wrist shot by Mike Brown.
1:32 of 2nd period - Shot Misses the Net.
1:34 of 2nd period - Snap shot by Richard Jackman.
1:34 of 2nd period - Stopped by Marc-André Fleury with a rebound.
1:36 of 2nd period - Slapshot by Ossi Vaananen.
1:36 of 2nd period - Stopped by Marc-André Fleury with a rebound.
1:38 of 2nd period - Slapshot by Ossi Vaananen.
1:38 of 2nd period - Deflect By Taylor Chorney.
1:38 of 2nd period - Stopped by Marc-André Fleury with a rebound.
2:13 of 2nd period - Shea Weber is hit by Blake Comeau and loses puck.
2:39 of 2nd period - Snap shot by Mike Richards.
2:39 of 2nd period - Stopped by Marc-André Fleury without a rebound.
2:40 of 2nd period - Jason Spezza wins face-off versus Ryan Carter in Maple Leafs zone.
2:43 of 2nd period - Snap shot by Rick Nash.
2:43 of 2nd period - Shot Misses the Net.
2:47 of 2nd period - Wrist shot by Martin Havlat.
2:47 of 2nd period - Shot Misses the Net.
2:49 of 2nd period - Wrist shot by Jason Spezza.
2:49 of 2nd period - Stopped by Marc-André Fleury with a rebound.
2:51 of 2nd period - Wrist shot by Jason Spezza.
2:51 of 2nd period - Deflect By Martin Havlat.
2:51 of 2nd period - Stopped by Marc-André Fleury without a rebound.
2:52 of 2nd period - Brendan Morrison wins face-off versus Jason Spezza in Maple Leafs zone.
2:59 of 2nd period - Slapshot by Claude Giroux.
2:59 of 2nd period - Shot Blocked by Shea Weber.
3:01 of 2nd period - Snap shot by Claude Giroux.
3:01 of 2nd period - Stopped by Jonathan Quick without a rebound.
3:02 of 2nd period - Jason Spezza wins face-off versus Brendan Morrison in Red Wings zone.
3:31 of 2nd period - Snap shot by Claude Giroux.
3:31 of 2nd period - Stopped by Jonathan Quick without a rebound.
3:32 of 2nd period - Mike Richards wins face-off versus Fabian Brunnstrom in Red Wings zone.
3:37 of 2nd period - Colby Armstrong is hit by Sean Bergenheim and loses puck.
4:13 of 2nd period - Slapshot by Mike Richards.
4:13 of 2nd period - Goal by Mike Richards - Maple Leafs : 1 - Red Wings : 4.
4:14 of 2nd period - Jason Spezza wins face-off versus Brendan Morrison in neutral zone.
4:16 of 2nd period - Off-side.
4:17 of 2nd period - Jason Spezza wins face-off versus Brendan Morrison in neutral zone.
4:17 of 2nd period - Shea Weber is hit by Alexander Frolov and loses puck.
4:47 of 2nd period - Snap shot by Shea Weber.
4:47 of 2nd period - Shot Misses the Net.
4:49 of 2nd period - Wrist shot by Shea Weber.
4:49 of 2nd period - Stopped by Marc-André Fleury with a rebound.
5:44 of 2nd period - Snap shot by Brendan Morrison.
5:44 of 2nd period - Stopped by Jonathan Quick with a rebound.
5:59 of 2nd period - Marc-Édouard Vlasic is hit by Ossi Vaananen and loses puck.
6:56 of 2nd period - Shea Weber is hit by Claude Giroux and loses puck.
7:07 of 2nd period - Maxim Kondratiev is hit by Brendan Morrison and loses puck.
7:23 of 2nd period - Matt Pettinger is hit by Martin Havlat and loses puck.
7:28 of 2nd period - Wrist shot by Jason Spezza.
7:28 of 2nd period - Shot Misses the Net.
7:49 of 2nd period - Justin Abdelkader is hit by Ossi Vaananen and loses puck.
8:12 of 2nd period - Jordan Staal is hit by Shawn Horcoff and loses puck.
8:23 of 2nd period - Jordan Staal is hit by Rick Nash and loses puck.
10:06 of 2nd period - Jason Spezza is hit by Jamie McBain and loses puck.
10:23 of 2nd period - Snap shot by Ales Hemsky.
10:23 of 2nd period - Stopped by Marc-André Fleury with a rebound.
10:25 of 2nd period - Wrist shot by Mike Richards.
10:25 of 2nd period - Shot Blocked by Jamie McBain.
10:31 of 2nd period - Snap shot by Ales Hemsky.
10:31 of 2nd period - Stopped by Marc-André Fleury without a rebound.
10:32 of 2nd period - Claude Giroux wins face-off versus Mike Brown in Maple Leafs zone.
10:32 of 2nd period - Claude Giroux is hit by Maxim Kondratiev.
11:02 of 2nd period - Slapshot by Marc-Édouard Vlasic.
11:02 of 2nd period - Stopped by Jonathan Quick with a rebound.
11:04 of 2nd period - Snap shot by Marc-Édouard Vlasic.
11:04 of 2nd period - Deflect By Alex Picard.
11:04 of 2nd period - Stopped by Jonathan Quick without a rebound.
11:05 of 2nd period - Jason Spezza wins face-off versus Ryan Carter in Red Wings zone.
11:14 of 2nd period - Slapshot by Justin Abdelkader.
11:14 of 2nd period - Stopped by Jonathan Quick without a rebound.
11:15 of 2nd period - Jason Spezza wins face-off versus Brendan Morrison in Red Wings zone.
11:20 of 2nd period - Alexander Frolov is hit by Jason Spezza.
11:39 of 2nd period - Martin Havlat is hit by Fabian Brunnstrom and loses puck.
11:50 of 2nd period - Wrist shot by Fabian Brunnstrom.
11:50 of 2nd period - Stopped by Jonathan Quick with a rebound.
11:52 of 2nd period - Wrist shot by Colby Armstrong.
11:52 of 2nd period - Shot Misses the Net.
12:08 of 2nd period - Wrist shot by Rick Nash.
12:08 of 2nd period - Shot Blocked by Taylor Chorney.
12:32 of 2nd period - Snap shot by Mike Richards.
12:32 of 2nd period - Deflect By Ales Hemsky.
12:32 of 2nd period - Stopped by Marc-André Fleury with a rebound.
14:06 of 2nd period - Minor Penalty to Brendan Morrison for Tripping.
14:07 of 2nd period - Claude Giroux wins face-off versus Jason Spezza in Maple Leafs zone.
14:34 of 2nd period - Mike Richards is hit by Tobias Enstrom and loses puck.
16:06 of 2nd period - Penalty to Brendan Morrison is over, Brendan Morrison is back on ice.
16:31 of 2nd period - Taylor Chorney is hit by Mike Brown and loses puck.
16:50 of 2nd period - Justin Abdelkader is hit by Robert Dome and loses puck.
17:34 of 2nd period - Wrist shot by Tobias Enstrom.
17:34 of 2nd period - Deflect By Fabian Brunnstrom.
17:34 of 2nd period - Stopped by Jonathan Quick with a rebound.
17:36 of 2nd period - Slapshot by Tobias Enstrom.
17:36 of 2nd period - Shot Blocked by Shea Weber.
18:08 of 2nd period - Snap shot by Claude Giroux.
18:08 of 2nd period - Deflect By Blake Comeau.
18:08 of 2nd period - Goal by Blake Comeau - Maple Leafs : 2 - Red Wings : 4.
18:09 of 2nd period - Jordan Staal wins face-off versus Jason Spezza in neutral zone.
18:22 of 2nd period - Wrist shot by Colby Armstrong.
18:22 of 2nd period - Shot Misses the Net.
18:24 of 2nd period - Snap shot by Jordan Staal.
18:24 of 2nd period - Shot Misses the Net.
18:26 of 2nd period - Wrist shot by Colby Armstrong.
18:26 of 2nd period - Stopped by Jonathan Quick with a rebound.
19:10 of 2nd period - Justin Schultz is hit by Martin Havlat and loses puck.
19:31 of 2nd period - Snap shot by Jason Spezza.
19:31 of 2nd period - Shot Misses the Net.
19:33 of 2nd period - Slapshot by Christian Backman.
19:33 of 2nd period - Shot Blocked by Jamie McBain.
19:35 of 2nd period - Slapshot by Nathan Oystrick.
19:35 of 2nd period - Stopped by Marc-André Fleury without a rebound.
19:36 of 2nd period - Mike Richards wins face-off versus Fabian Brunnstrom in Maple Leafs zone.
19:37 of 2nd period - Snap shot by Ales Hemsky.
19:37 of 2nd period - Goal by Ales Hemsky - Maple Leafs : 2 - Red Wings : 5.
19:38 of 2nd period - Brendan Morrison wins face-off versus Mike Richards in neutral zone.
19:54 of 2nd period - Wrist shot by Mike Richards.
19:54 of 2nd period - Shot Misses the Net.
Goals for this period are 1 for Maple Leafs vs 2 for Red Wings.
Shots for this period are 10 for Maple Leafs vs 13 for Red Wings.

3rd period


0:01 of 3rd period - Brendan Morrison wins face-off versus Jason Spezza in neutral zone.
0:26 of 3rd period - Ales Hemsky is hit by Braydon Coburn and loses puck.
0:49 of 3rd period - Shea Weber is hit by Blake Comeau and loses puck.
1:06 of 3rd period - Minor Penalty to Matt Pettinger for Cross-checking.
1:07 of 3rd period - Martin Havlat wins face-off versus Claude Giroux in Maple Leafs zone.
1:40 of 3rd period - Slapshot by Richard Jackman.
1:40 of 3rd period - Shot Misses the Net.
1:42 of 3rd period - Slapshot by Ales Hemsky.
1:42 of 3rd period - Goal by Ales Hemsky - Maple Leafs : 2 - Red Wings : 6.
1:42 of 3rd period - Mike Smith enters game.
1:43 of 3rd period - Jason Spezza wins face-off versus Claude Giroux in neutral zone.
1:58 of 3rd period - Slapshot by Braydon Coburn.
1:58 of 3rd period - Shot Blocked by Maxim Kondratiev.
2:10 of 3rd period - Jordan Staal is hit by Alex Picard and loses puck.
2:43 of 3rd period - Wrist shot by Ales Hemsky.
2:43 of 3rd period - Shot Misses the Net.
2:45 of 3rd period - Slapshot by Nathan Oystrick.
2:45 of 3rd period - Stopped by Mike Smith with a rebound.
3:39 of 3rd period - Snap shot by Jordan Staal.
3:39 of 3rd period - Shot Blocked by Christian Backman.
3:41 of 3rd period - Slapshot by Jordan Staal.
3:41 of 3rd period - Shot Blocked by Nathan Oystrick.
3:43 of 3rd period - Slapshot by Tobias Enstrom.
3:43 of 3rd period - Shot Blocked by Nathan Oystrick.
3:45 of 3rd period - Slapshot by Tobias Enstrom.
3:45 of 3rd period - Stopped by Jonathan Quick with a rebound.
3:47 of 3rd period - Slapshot by Tobias Enstrom.
3:47 of 3rd period - Deflect By Fabian Brunnstrom.
3:47 of 3rd period - Shot Misses the Net.
3:47 of 3rd period - Puck is out of play.
3:48 of 3rd period - Jason Spezza wins face-off versus Brendan Morrison in Red Wings zone.
3:53 of 3rd period - Snap shot by Martin Havlat.
3:53 of 3rd period - Stopped by Mike Smith without a rebound.
3:54 of 3rd period - Rick Nash wins face-off versus Brendan Morrison in Maple Leafs zone.
3:55 of 3rd period - Snap shot by Jason Spezza.
3:55 of 3rd period - Stopped by Mike Smith with a rebound.
3:57 of 3rd period - Snap shot by Martin Havlat.
3:57 of 3rd period - Goal by Martin Havlat - Maple Leafs : 2 - Red Wings : 7.
3:58 of 3rd period - Brendan Morrison wins face-off versus Jason Spezza in neutral zone.
4:25 of 3rd period - Snap shot by Shawn Horcoff.
4:25 of 3rd period - Shot Misses the Net.
4:28 of 3rd period - Icing by Colby Armstrong.
4:29 of 3rd period - Jordan Staal wins face-off versus Shawn Horcoff in Maple Leafs zone.
4:44 of 3rd period - Snap shot by Colby Armstrong.
4:44 of 3rd period - Stopped by Jonathan Quick with a rebound.
4:46 of 3rd period - Slapshot by Colby Armstrong.
4:46 of 3rd period - Shot Misses the Net.
4:48 of 3rd period - Slapshot by Tobias Enstrom.
4:48 of 3rd period - Stopped by Jonathan Quick with a rebound.
4:50 of 3rd period - Slapshot by Braydon Coburn.
4:50 of 3rd period - Stopped by Jonathan Quick without a rebound.
4:51 of 3rd period - Brendan Morrison wins face-off versus Jason Spezza in Red Wings zone.
5:43 of 3rd period - Snap shot by Rob Schremp.
5:43 of 3rd period - Stopped by Jonathan Quick with a rebound.
5:45 of 3rd period - Snap shot by Matt Pettinger.
5:45 of 3rd period - Shot Blocked by Maxim Kondratiev.
5:55 of 3rd period - Braydon Coburn is hit by Robert Dome and loses puck.
6:02 of 3rd period - Snap shot by Justin Abdelkader.
6:02 of 3rd period - Shot Misses the Net.
6:04 of 3rd period - Slapshot by Taylor Chorney.
6:04 of 3rd period - Deflect By Nate Thompson.
6:04 of 3rd period - Stopped by Jonathan Quick with a rebound.
6:31 of 3rd period - Marc-Édouard Vlasic is hit by Jason Spezza and loses puck.
6:46 of 3rd period - Wrist shot by Colby Armstrong.
6:46 of 3rd period - Stopped by Jonathan Quick without a rebound.
6:47 of 3rd period - Jordan Staal wins face-off versus Mike Richards in Red Wings zone.
6:47 of 3rd period - Minor Penalty to Tobias Enstrom for Cross-checking.
6:48 of 3rd period - Jason Spezza wins face-off versus Claude Giroux in Maple Leafs zone.
6:59 of 3rd period - Wrist shot by Martin Havlat.
6:59 of 3rd period - Shot Misses the Net.
7:06 of 3rd period - Icing by Jason Spezza.
7:07 of 3rd period - Claude Giroux wins face-off versus Jason Spezza in Red Wings zone.
7:39 of 3rd period - Snap shot by Jason Spezza.
7:39 of 3rd period - Stopped by Mike Smith without a rebound.
7:40 of 3rd period - Alexander Frolov wins face-off versus Mike Richards in Maple Leafs zone.
7:56 of 3rd period - Off-side.
7:57 of 3rd period - Jason Spezza wins face-off versus Claude Giroux in neutral zone.
8:00 of 3rd period - Slapshot by Martin Havlat.
8:00 of 3rd period - Stopped by Mike Smith without a rebound.
8:01 of 3rd period - Claude Giroux wins face-off versus Jason Spezza in Maple Leafs zone.
8:47 of 3rd period - Penalty to Tobias Enstrom is over, Tobias Enstrom is back on ice.
9:00 of 3rd period - Wrist shot by Rob Schremp.
9:00 of 3rd period - Deflect By Matt Pettinger.
9:00 of 3rd period - Shot Misses the Net.
9:00 of 3rd period - Puck is out of play.
9:01 of 3rd period - Jason Spezza wins face-off versus Jordan Staal in Red Wings zone.
9:28 of 3rd period - Mike Richards is hit by Braydon Coburn and loses puck.
10:13 of 3rd period - Wrist shot by Shawn Horcoff.
10:13 of 3rd period - Stopped by Mike Smith with a rebound.
11:09 of 3rd period - Minor Penalty to Tobias Enstrom for Roughing.
11:10 of 3rd period - Claude Giroux wins face-off versus Jason Spezza in Maple Leafs zone.
11:10 of 3rd period - Claude Giroux is hit by Rick Nash.
11:26 of 3rd period - Slapshot by Rick Nash.
11:26 of 3rd period - Stopped by Mike Smith with a rebound.
11:44 of 3rd period - Snap shot by Mike Richards.
11:44 of 3rd period - Shot Blocked by Marc-Édouard Vlasic.
12:34 of 3rd period - Braydon Coburn is hit by Nathan Oystrick and loses puck.
13:09 of 3rd period - Penalty to Tobias Enstrom is over, Tobias Enstrom is back on ice.
13:15 of 3rd period - Christian Backman is hit by Marc-Édouard Vlasic and loses puck.
13:22 of 3rd period - Marc-Édouard Vlasic is hit by Shawn Horcoff and loses puck.
13:33 of 3rd period - Claude Giroux is hit by Nate Thompson and loses puck.
13:48 of 3rd period - Icing by Taylor Chorney.
13:49 of 3rd period - Claude Giroux wins face-off versus Shawn Horcoff in Maple Leafs zone.
13:49 of 3rd period - Claude Giroux is hit by Richard Jackman.
14:32 of 3rd period - Snap shot by Brendan Morrison.
14:32 of 3rd period - Shot Blocked by Sean Bergenheim.
14:38 of 3rd period - Wrist shot by Claude Giroux.
14:38 of 3rd period - Stopped by Jonathan Quick with a rebound.
14:40 of 3rd period - Wrist shot by Tobias Enstrom.
14:40 of 3rd period - Stopped by Jonathan Quick without a rebound.
14:41 of 3rd period - Jason Spezza wins face-off versus Jordan Staal in Red Wings zone.
14:41 of 3rd period - Jason Spezza is hit by Fabian Brunnstrom.
15:07 of 3rd period - Nathan Oystrick is hit by Marc-Édouard Vlasic.
15:35 of 3rd period - Martins Karsums is hit by Richard Jackman and loses puck.
16:27 of 3rd period - Snap shot by Justin Abdelkader.
16:27 of 3rd period - Stopped by Jonathan Quick with a rebound.
17:13 of 3rd period - Slapshot by Mike Richards.
17:13 of 3rd period - Shot Misses the Net.
17:27 of 3rd period - Slapshot by Shea Weber.
17:27 of 3rd period - Deflect By Nate Thompson.
17:27 of 3rd period - Shot Hit the Post.
17:27 of 3rd period - Puck is out of play.
17:28 of 3rd period - Jordan Staal wins face-off versus Carson Mcmillan in Maple Leafs zone.
17:55 of 3rd period - Snap shot by Justin Abdelkader.
17:55 of 3rd period - Stopped by Jonathan Quick with a rebound.
17:57 of 3rd period - Slapshot by Marc-Édouard Vlasic.
17:57 of 3rd period - Stopped by Jonathan Quick without a rebound.
17:58 of 3rd period - Jason Spezza wins face-off versus Fabian Brunnstrom in Red Wings zone.
18:37 of 3rd period - Off-side.
18:38 of 3rd period - Brendan Morrison wins face-off versus Shawn Horcoff in neutral zone.
19:09 of 3rd period - Minor Penalty to Fabian Brunnstrom for Holding.
19:10 of 3rd period - Martin Havlat wins face-off versus Claude Giroux in Maple Leafs zone.
Goals for this period are 0 for Maple Leafs vs 2 for Red Wings.
Shots for this period are 12 for Maple Leafs vs 9 for Red Wings.